 Seeded DCSS version 0.30-a0-870-gc5d4c5acee (webtiles) character file.

Game seed: 3798143495778394658 (custom seed)

31 Mickster the Covered (level 3, -4/29 HPs)
             Began as a Human Fighter on Mar 11, 2023.
             Slain by a kobold
             ... wielding a +1 whip of electrocution
              (11 damage)
             ... on level 2 of the Dungeon on Mar 12, 2023.
             The game lasted 00:11:10 (996 turns).

Mickster the Covered (Human Fighter)                 Turns: 996, Time: 00:11:17

Health: -4/29      AC:  6    Str: 18    XL:     3   Next: 40%
Magic:  3/3        EV:  9    Int:  8    God:
Gold:   51         SH:  5    Dex: 18    Spells: 1/2 levels left

rFire   . . .      SeeInvis .    a - +0 war axe
rCold   . . .      Faith    .    c - +0 buckler
rNeg    . . .      Spirit   .    b - +0 scale mail
rPois   .          Reflect  .    (no helmet)
rElec   .          Rampage  .    (no cloak)
rCorr   .                        (no gloves)
Will    .....                    (no boots) Stlth
                                 (no amulet)
HPRegen 0.24/turn                f - +6 ring of dexterity
MPRegen 0.08/turn                (no ring)

@: no status effects
A: no striking features
a: no special abilities


You were on level 2 of the Dungeon.
You visited 1 branch of the dungeon, and saw 2 of its levels.

You collected 51 gold pieces.

Inventory:

Hand Weapons
 a - a +0 war axe (weapon)
Missiles
 e - 13 stones (quivered)
Armour
 b - a +0 scale mail (worn)
 c - a +0 buckler (worn)
Jewellery
 f - a +6 ring of dexterity (left hand)
Potions
 d - 2 potions of might


   Skills:
 + Level 3.2 Fighting
 + Level 2.4 Axes
 + Level 3.4 Armour
 + Level 3.3 Shields


You had one spell level left.
You knew the following spells:

 Your Spells              Type           Power      Damage    Failure   Level
a - Magic Dart            Conj           0%         1d3       87%         1

Your spell library contained the following spells:

 Spells                   Type           Power      Damage    Failure   Level
 Call Imp                 Summ           0%         N/A       95%         2
 Mephitic Cloud           Conj/Pois/Air  0%         N/A       99%         3


Dungeon Overview and Level Annotations

Branches:
Dungeon (2/15)

Altars:


Message History

The kobold barely misses you.
You miss the kobold. The kobold hits you but does no damage.
You barely miss the kobold. The kobold barely misses you.
You block the kobold's attack.
You closely miss the kobold. The kobold hits you but does no damage.
You miss the kobold. The kobold hits you with a +0 dagger.
The kobold hits you but does no damage.
You barely miss the kobold. The kobold hits you but does no damage.
You slash the kobold!
You kill the kobold!
You see here a +0 dagger.
g - a scroll labelled WAOSTR LIGGA
There are no items here.
As you read the scroll labelled WAOSTR LIGGA, it crumbles to dust.
It is a scroll of identify.
You don't currently have any unidentified items.
You see here a +0 dagger.
e - 13 stones (gained 4)
You see here a jackal corpse.
There is a stone staircase leading down here.
You climb downwards.
There is a stone staircase leading up here.
You open the door. You open the door.
A kobold comes into view.
It is wielding a +1 whip of electrocution.
The kobold throws a stone.
You block the stone.
The kobold throws a stone.
The stone barely misses you.
There is an open door here.
Found 9 gold pieces.
You barely miss the kobold. You block the kobold's attack.
You barely miss the kobold. The kobold hits you but does no damage.
You are electrocuted!!
Ouch! That really hurt!
You hit the kobold.
The kobold is moderately wounded.
You block the kobold's attack.
The kobold hits you with a +1 whip of electrocution.
* * * LOW HITPOINT WARNING * * *
You are electrocuted!
You die...

########## .........
#.......# ###.......
#........
.#.####....######.#$
......'....'@K......
.#.####....######.#.
#.....#
#.###...######
#.....<.......
####....######
.......# #####...#
#...#


You could see a kobold.

Vanquished Creatures
  A dart slug (D:1)
  4 ball pythons (D:1)
  2 endoplasms (D:1)
  2 giant cockroaches (D:1)
  2 hobgoblins (D:1)
  3 jackals (D:1)
  2 kobolds (D:1)
  A quokka (D:1)
  5 bats (D:1)
  3 frilled lizards (D:1)
  A rat (D:1)
26 creatures vanquished.

Notes
Turn   | Place    | Note
-------+----------+-------------------------------------------
     0 | D:1      | Mickster the Human Fighter began the quest for the Orb.
     0 | D:1      | Reached XP level 1. HP: 18/18 MP: 1/1
    71 | D:1      | Reached XP level 2. HP: 22/24 MP: 2/2
   236 | D:1      | Learned a level 1 spell: Magic Dart
   313 | D:1      | Reached XP level 3. HP: 24/29 MP: 3/3
   996 | D:2      | Slain by a kobold

Illustrated notes

Levels and vault maps discovered:
D:1:      wander_arrival_estate, layout_basic, kennysheep_crisscross,
          minmay_misc_feat_doors, kennysheep_flooded_box
D:2:      layout_basic, uniq_natasha

Action                     || total
---------------------------++-------
  Melee: War axe           ||    68
    Use: Scroll            ||     2
         Potion            ||     1
 Armour: Scale mail        ||    35
  Dodge: Dodged            ||    40
  Block: Buckler           ||    23

Table legend: (Time is in decaauts)
 A = Elapsed time spent in this place.
 B = Non-inter-level travel time spent in this place.
 C = Inter-level travel time spent in this place.
 D = Time resting spent in this place.
 E = Time spent auto-exploring this place.
 F = Levels seen in this place.
 G = Mean time per level.
                   A        B        C        D        E       F      G
               +--------+--------+--------+--------+--------+-----+--------+
         Total |   1024 |    941 |     83 |    124 |      0 |   2 |  512.0 |
       Dungeon |   1024 |    941 |     83 |    124 |      0 |   2 |  512.0 |
               +--------+--------+--------+--------+--------+-----+--------+

Top non-repeatable levels by time:
     D:1: 1010 daAuts
     D:2: 14 daAuts
